 Dungeon Crawl Stone Soup version 0.30.0-10-gfe55d96785 (webtiles) character file.

Game seed: 12613855054279541685

3 Tirrikindir the Trooper (level 1, -3/21 HPs)
             Began as a Gargoyle Berserker on May 14, 2023.
             Was a Follower of Trog.
             Frozen to death by an endoplasm (5 damage)
             ... on level 1 of the Dungeon.
             The game lasted 00:00:44 (117 turns).

Tirrikindir the Trooper (Gargoyle Berserker)         Turns: 117, Time: 00:00:44

Health: -3/21      AC:  4    Str: 20    XL:     1   Next: 50%
Magic:  1/1        EV: 11    Int: 13    God:    Trog [*.....]
Gold:   4          SH:  0    Dex:  9    Spells: 0/0 levels left

rFire   . . .        a - +0 mace
rCold   . . .        (no shield)
rNeg    + . .        b - +0 animal skin
rPois   ∞            (no helmet)
rElec   +            (no cloak)
rCorr   .            (no gloves)
SInv    .            (no boots)
Will    .....        (no amulet) Stlth
                     c - +6 ring of intelligence
HPRegen 0.23/turn    (no ring)
MPRegen 0.07/turn

%: no passive effects
@: berserking, very quick
A: sickness immunity, AC +2, negative energy resistance 1, electricity
resistance, torment resistance 1, petrification resistance
a: Renounce Religion, Berserk


You were on level 1 of the Dungeon.
You worshipped Trog.
Trog was aware of your devotion.
You visited 1 branch of the dungeon, and saw 1 of its levels.

You collected 4 gold pieces.

Inventory:

Hand Weapons
 a - a +0 mace (weapon)
Armour
 b - a +0 animal skin (worn)
Jewellery
 c - a +6 ring of intelligence (left hand)


   Skills:
 + Level 3.3 Fighting
 * Level 3.1 Maces & Flails
 + Level 2.2 Armour
 + Level 1.6 Dodging


You couldn't memorise any spells.
You didn't know any spells.
Your spell library was empty.

Dungeon Overview and Level Annotations

Branches:
Dungeon (1/15)

Altars:


Innate Abilities, Weirdness & Mutations

You are immune to sickness and miasma.
Your stone body is resilient. (AC +2)
You are immune to poison.
You resist negative energy. (rN+)
You are resistant to electric shocks. (rElec)
You are resistant to unholy torment.
You are immune to petrification.


Message History

The bat hits you but does no damage.
The kobold moves out of view.
A kobold comes into view. It is wielding a +0 club.
The endoplasm quivers.
The bat closely misses you.
The kobold moves out of view.
The bat closely misses you. The bat attacks as you move away!
The bat hits you but does no damage. x2
The bat closely misses you. The bat closely misses you.
You thump the bat!
You kill the bat!
Trog accepts your kill. The kobold hits you with a +0 club.
You miss the kobold. The kobold hits you but does no damage.
The kobold barely misses you. The endoplasm freezes you.
You are frozen.
You closely miss the kobold. The kobold closely misses you.
The endoplasm freezes you.
You are frozen.
You closely miss the kobold. The kobold barely misses you.
The endoplasm barely misses you.
Unknown command.
The kobold attacks as you move away! The kobold hits you with a +0 club.
You hit the kobold.
You kill the kobold!
Trog accepts your kill. The endoplasm freezes you.
You are frozen.
* * * LOW HITPOINT WARNING * * *
Things that are here:
a +0 club; a kobold corpse You hit the endoplasm.
The endoplasm is heavily wounded.
The endoplasm barely misses you. The endoplasm hits you.
* * * LOW HITPOINT WARNING * * *
A red film seems to cover your vision as you go berserk!
You feel yourself moving faster!
You feel mighty! The endoplasm freezes you.
You are frozen.
You die...

#........# # .. #.######## #
+####. #.# ######### ......
##.# ##........ ......###
.#.###..##.##.. .....J..#
#.#.##..##.##... ........#
#.#.#..##.##....
#......######.....##.##.....
+.........J@....###.##.....#
#.....#.#.########.##.....##
.......#.#.........##.....##
.......#.###########.....##
##.....#.# .........>..##
.......#.. .......<...##
.......##. .........8..#
..#..## . ########.....#
##.....#


You could see an endoplasm.

Vanquished Creatures
  A kobold (D:1)
  2 bats (D:1)
3 creatures vanquished.

Notes
Turn   | Place    | Note
-------+----------+-------------------------------------------
     0 | D:1      | Tirrikindir the Gargoyle Berserker began the quest for the
                  | Orb.
     0 | D:1      | Reached XP level 1. HP: 14/14 MP: 1/1
   117 | D:1      | Frozen to death by an endoplasm

Illustrated notes

Levels and vault maps discovered:
D:1:      psy_arrival_spokes, layout_basic, kennysheep_decorative_pillar,
          hangedman_decor_opposing

Action                     || total
---------------------------++-------
  Melee: Mace              ||    10
 Invoke: Berserk           ||     1
 Armour: Animal skin       ||     9
  Dodge: Dodged            ||    16
